 Dungeon Crawl Stone Soup version 0.28.0-1-gb440e238dd (webtiles) character file.

Game seed: 8781548072613142663

44 Kaptain the Digger (level 3, -1/22 HPs)
             Began as an Octopode Earth Elementalist on Feb 19, 2022.
             Slain by an orc (6 damage)
             ... on level 3 of the Dungeon.
             The game lasted 00:04:49 (1861 turns).

Kaptain the Digger (Octopode Earth Elementalist)    Turns: 1861, Time: 00:04:50

Health: -1/22      AC:  1    Str:  7    XL:     3   Next: 62%
Magic:  6/6        EV: 13    Int: 19    God:
Gold:   108        SH:  0    Dex: 12    Spells: 1/6 levels left

rFire   . . .      SeeInvis .   h - +1 mace (vorpal)
rCold   . . .      Faith    .   (no shield)
rNeg    . . .      Spirit   .   (helmet restricted)
rPois   .          Reflect  .   (no amulet)
rElec   .          Harm     .   i - ring of willpower
rCorr   .          Rampage  .   (no ring)
Will    +....                   (no ring)
Stlth   +++.......              (no ring)
HPRegen 0.07/turn               (no ring)
MPRegen 0.10/turn               (no ring)
                                (no ring)
                                (no ring)

@: no status effects
A: almost no armour, amphibious, 8 rings, camouflage 1, gelatinous body 1,
(nimble swimmer 1), tentacles
a: no special abilities


You were on level 3 of the Dungeon.
You visited 1 branch of the dungeon, and saw 3 of its levels.

You collected 108 gold pieces.

Inventory:

Hand Weapons
 d - a +0 dagger
 g - a +0 hand axe
 h - a +1 vorpal mace (weapon)
Missiles
 a - 2 poisoned darts
 b - 72 stones
Armour
 l - a +0 buckler
 o - a +0 hat
Jewellery
 i - a ring of willpower (left tentacle)
Scrolls
 c - 2 scrolls of teleportation {unknown}
 n - a scroll of magic mapping {unknown}
Potions
 e - a potion of ambrosia {unknown}
 f - a potion of flight {unknown}
 j - a potion of mutation {unknown}
 k - a potion of magic {unknown}
 m - a potion of invisibility {unknown}


   Skills:
 + Level 0.5 Fighting
 + Level 2.3 Dodging
 + Level 3.1 Stealth
 + Level 0.1 Shields
 * Level 2.4 Spellcasting
 * Level 0.5 Conjurations
 - Level 1.0 Transmutations
 * Level 3.5 Earth Magic


You had one spell level left.
You knew the following spells:

 Your Spells              Type           Power      Damage    Failure   Level
a - Sandblast             Erth           30%        2d9       3%          1
b - Stone Arrow           Conj/Erth      20%        3d8       22%         3
c - Magic Dart            Conj           16%        1d3       13%         1

Your spell library contained the following spells:

 Spells                   Type           Power      Damage    Failure   Level
 Passwall                 Tmut/Erth      8%         N/A       10%         2
 Searing Ray              Conj           8%         2d4       21%         2
 Corpse Rot               Necr/Air       4%         N/A       24%         2
 Poisonous Vapours        Pois/Air       4%         N/A       24%         2
 Petrify                  Tmut/Erth      10%        N/A       54%         4
 Fulminant Prism          Conj/Hex       1%         3d6       82%         4


Dungeon Overview and Level Annotations

Branches:
Dungeon (3/15)

Altars:
Uskayaw


Innate Abilities, Weirdness & Mutations

You cannot wear most types of armour.
You are amphibious.
You can wear up to eight rings at the same time.
Your skin changes colour to match your surroundings (Stealth+).
Your rubbery body absorbs attacks. (AC +1, EV +1)
((You are camouflaged when in or above water. (Stealth+)))
You have tentacles for arms and can constrict up to eight enemies at once.


Message History

You don't have enough magic to cast this spell.
Unknown command.
Unknown command.
Casting: Magic Dart (safe; 13% risk of failure)
Confirm with . or Enter, or press ? or * to list all spells.
You don't have enough magic to cast this spell.
Unknown command.
Unknown command.
The endoplasm freezes you.
You are frozen.
You hit the endoplasm.
You kill the endoplasm!
You start resting.
Your magical contamination has completely faded away.
You start resting.
HP restored.
You start resting.
Magic restored.
c - 2 scrolls labelled FOYMES KEECI (gained 1)
Found a stone staircase leading down.
Found a hat. 4 orcs come into view.
An orc is wielding a +0 mace and quivering boomerangs of dispersal.
The orc shouts!
The orc shouts! x2
The orc throws a boomerang of dispersal.
The boomerang of dispersal misses you.
You see here a +0 hat.
o - a +0 hat The orc throws a boomerang of dispersal.
The boomerang of dispersal hits you.
You blink.
The orc hits you with a +0 mace! The orc misses you.
You hit the orc. Your grab misses the orc. Your squeeze misses the orc.
The orc is severely wounded.
The orc closely misses you. The orc barely misses you.
The orc hits you with a +0 mace.
* * * LOW HITPOINT WARNING * * *
The orc misses you. The orc hits you with a +0 mace.
You die...

############
#..........#
#.########@#
#.#......oo##########
#.#.#####oo..........
#.# ##.########## #.#
...# ###.## #####
#....# # #.#..# #
#.#..#


You could see 4 orcs.

Vanquished Creatures
  2 dart slugs
  7 endoplasms
  4 giant cockroaches
  3 goblins
  3 hobgoblins (D:1)
  2 quokkas (D:2)
  2 ball pythons
  3 bats
  3 frilled lizards (D:1)
  3 kobolds (D:1)
  5 rats
37 creatures vanquished.

Vanquished Creatures (others)
  A plant (D:1)
1 creature vanquished.

Grand Total: 38 creatures vanquished

Notes
Turn   | Place    | Note
-------+----------+-------------------------------------------
     0 | D:1      | Kaptain the Octopode Earth Elementalist began the quest for
                  | the Orb.
     0 | D:1      | Reached XP level 1. HP: 11/11 MP: 3/3
   122 | D:1      | Reached XP level 2. HP: 17/17 MP: 1/5
   190 | D:1      | Found a faded altar of an unknown god.
   706 | D:1      | Reached XP level 3. HP: 22/22 MP: 6/6
   710 | D:1      | Learned a level 3 spell: Stone Arrow
  1041 | D:2      | Found a hide-covered altar of Uskayaw.
  1618 | D:2      | Learned a level 1 spell: Magic Dart
  1861 | D:3      | Slain by an orc

Illustrated notes

Levels and vault maps discovered:
D:1:      minmay_arrival_split_and_join, layout_rooms,
          shapermc_ecumenical_altar_acropolis
D:2:      layout_loops_cross, serial_aquarium, aquarium_bridge_straight
          [aquarium_subvault_bridge, aquarium_subvault_balcony,
          aquarium_subvault_bridge, aquarium_subvault_window],
          aquarium_window_1, aquarium_window_fake, aquarium_view_2a,
          aquarium_view_2c, aquarium_pool_2, basic_altar
D:3:      layout_basic, minmay_snake_closets

Skill      XL: |  1  2 |
---------------+-------+-----
Stealth        | 3 |  3.1
Fighting       | |  0.5
Dodging        | |  2.3
Shields        | |  0.1
Spellcasting   | |  2.4
Conjurations   | |  0.5
Transmutations | |  1.0
Earth Magic    | |  3.5

Action                   || total
-------------------------++-------
Melee: Unarmed           ||     6
       Constrict         ||     9
       Dagger            ||    11
       Mace              ||    25
       Tentacles         ||    10
 Cast: Sandblast         ||    26
       Magic Dart        ||     4
 Stab: Sleeping          ||     4
Armor: Skin              ||     6
Dodge: Dodged            ||    30
